 Dungeon Crawl Stone Soup version 0.27-a0-1144-g0b7d3b79db (webtiles) character file.

Game seed: 11696766305099936698

2633 leviel the Cleaver (level 9, -6/71 HPs)
             Began as a Minotaur Fighter on May 10, 2021.
             Was a Follower of Uskayaw.
             Mangled by a gnoll sergeant
             ... wielding a +0 glaive
              (8 damage)
             ... in a bailey.
             The game lasted 00:13:58 (8114 turns).

leviel the Cleaver (Minotaur Fighter)               Turns: 8114, Time: 00:13:58

Health: -6/71      AC: 14    Str: 23    XL:     9   Next: 35%
Magic:  8/8        EV:  8    Int:  5    God:    Uskayaw [*.....]
Gold:   211        SH: 11    Dex: 11    Spells: 8/8 levels left

rFire    . . .     SeeInvis .   r - +2 whip (vamp)
rCold    + . .     Faith    .   c - +0 kite shield
rNeg     . . .     Spirit   .   b - +0 scale mail
rPois    +         Reflect  .   i - +1 hat
rElec    .         Harm     .   (no cloak)
rCorr    .         Rampage  .   w - +2 pair of gloves
Will     .....                  f - +0 pair of boots
Stlth    ..........             (no amulet)
HPRegen  0.21/turn              n - ring of poison resistance
MPRegen  0.11/turn              (no ring)

@: no status effects
A: horns 2, retaliatory headbutt, cold resistance 1
a: Renounce Religion, Stomp


You were in a bailey.
You worshipped Uskayaw.
Uskayaw was noncommittal.
You visited 2 branches of the dungeon, and saw 8 of its levels.
You also visited: Bailey.

You collected 211 gold pieces.

Inventory:

Hand Weapons
 a - a +0 war axe
 r - a +2 vampiric whip (weapon)
 s - a +2 dagger of venom
Missiles
 u - 9 throwing nets (quivered)
Armour
 b - a +0 scale mail (worn)
 c - a +0 kite shield (worn)
 f - a +0 pair of boots (worn)
 i - a +1 hat (worn)
 w - a +2 pair of gloves (worn)
Jewellery
 n - a ring of poison resistance (left hand)
Wands
 y - a wand of mindburst (13)
Potions
 j - 2 potions of attraction
 m - a potion of flight
 q - a potion of mutation
 x - a potion of magic {unknown}


   Skills:
 - Level 4.0 Fighting
 * Level 10.9 Axes
 + Level 0.0 Throwing
 + Level 8.4 Armour
 + Level 8.4 Shields


You had 8 spell levels left.
You didn't know any spells.
Your spell library contained the following spells:

 Spells                   Type           Power      Damage    Failure   Level
 Shock                    Conj/Air       0%         1d3       95%         1
 Static Discharge         Conj/Air       0%         N/A       99%         2
 Swiftness                Air            0%         N/A       100%        3
 Airstrike                Air            0%         N/A       100%        4
 Lightning Bolt           Conj/Air       0%         1d11      100%        5


Dungeon Overview and Level Annotations

Branches:
Dungeon (7/15)             Temple (1/1) D:6          Bailey (1/1)

Altars:
Ashenzari
Cheibriados
Dithmenos
Elyvilon
Fedhas
Gozag
Hepliaklqana
Kikubaaqudgha
Makhleb
Nemelex Xobeh
Okawaru
Qazlal
Ru
Sif Muna
Trog
Uskayaw
Vehumet
Wu Jian
Xom
Zin
The Shining One


Innate Abilities, Weirdness & Mutations

You have a pair of horns on your head.
You reflexively headbutt those who attack you in melee.
Your flesh is cold resistant. (rC+)


Message History

You block the gnoll sergeant's attack.
The gnoll sergeant hits you but does no damage. x2
The gnoll sergeant hits you but does no damage. x2
Your transformation is almost over.
You block the gnoll sergeant's attack. x2
The gnoll sergeant hits you but does no damage.
The gnoll shaman calls upon its god to speed up the gnoll sergeant.
The gnoll sergeant seems to speed up.
You block the gnoll sergeant's attack. x2
The gnoll sergeant hits you but does no damage. x2
You block the gnoll sergeant's attack.
The gnoll sergeant hits you from afar with a +0 glaive!
The gnoll sergeant hits you but does no damage.
You block the gnoll sergeant's attack. x3
The gnoll sergeant hits you from afar with a +0 glaive.
You block the gnoll sergeant's attack. You block the gnoll sergeant's attack.
The gnoll sergeant hits you from afar with a +0 glaive! x2
You block the gnoll sergeant's attack.
The gnoll sergeant hits you but does no damage.
The gnoll sergeant hits you from afar with a +0 glaive.
You block the gnoll sergeant's attack.
The gnoll sergeant hits you but does no damage.
You block the gnoll sergeant's attack.
The gnoll sergeant hits you but does no damage.
You feel less wooden.
Your +1 hat unmelds from your body.
Your +2 pair of gloves unmelds from your body.
Your +0 pair of boots unmelds from your body.
Your +0 scale mail unmelds from your body.
You block the gnoll sergeant's attack.
The gnoll sergeant hits you from afar with a +0 glaive! x2
* * * LOW HITPOINT WARNING * * *
The gnoll sergeant hits you from afar with a +0 glaive!
* * * LOW HITPOINT WARNING * * *
There is an open door here.
You block the gnoll sergeant's attack.
There is an open door here.
The gnoll sergeant hits you but does no damage.
The gnoll sergeant hits you from afar with a +0 glaive!
You die...

≈≈≈≈≈≈≈≈≈≈≈♣♣ #######
#..)≈≈♣♣ ♣≈ ##.8...# .8
###..≈.♣ ♣≈..##.....g#....
#))≈.♣♣ ♣≈..#....g..'....
#..≈..♣♣ ♣≈..#...gg#####..
#..≈...♣ ♣≈..#...g##...##
#..≈...♣
♣≈..##'###.....######..≈...♣♣
♣≈......#.g.@..)#...'......)♣
♣≈.....gg...8.))).).'......).
♣≈......#......)#...'......)♣
♣≈..##'###.....######..≈...♣♣
♣≈..#....##...## #..≈..♣♣
♣≈..#.....##### #..≈..♣
♣≈..#....... #..≈..♣
♣≈..##........ #..≈.♣♣
♣≈...##.8..... #..≈.♣


You could see 3 gnoll sergeants.

Vanquished Creatures
  Sigmund (D:5)
  Eustachio (D:4)
  A steam dragon (D:6)
  A sky beast (D:4)
  An orc warrior (D:6)
  An ice beast (D:5)
  3 ogres
  2 centaurs
  Blork the orc (D:4)
  2 bullfrogs (D:6)
  2 gnoll sergeants (Bailey)
  2 scorpions
  A water moccasin zombie (D:5)
  A water moccasin skeleton (D:4)
  3 bullfrog zombies
  2 gnoll shamans (Bailey)
  3 orc priests
  2 centaur skeletons
  4 hounds
  A scorpion zombie (D:5)
  2 orc wizards
  A hound skeleton (D:4)
  24 gnolls
  4 adders
  4 river rats (D:4)
  2 shadow imps
  2 white imps
  An ufetubus (D:5)
  An adder zombie (D:5)
  4 dart slugs
  24 orcs
  6 bats
  3 endoplasms
  4 giant cockroaches
  8 goblins
  9 hobgoblins
  7 jackals
  8 kobolds
  4 quokkas
  7 ball pythons
  5 frilled lizards
  A quokka skeleton (D:4)
  12 rats
178 creatures vanquished.

Notes
Turn   | Place    | Note
-------+----------+-------------------------------------------
     0 | D:1      | leviel the Minotaur Fighter began the quest for the Orb.
     0 | D:1      | Reached XP level 1. HP: 19/19 MP: 0/0
    93 | D:1      | Reached XP level 2. HP: 27/27 MP: 1/1
   124 | D:1      | Reached skill level 3 in Axes
   594 | D:1      | Reached XP level 3. HP: 33/33 MP: 2/2
  1317 | D:2      | Found a faded altar of an unknown god.
  1452 | D:2      | Reached skill level 4 in Axes
  1452 | D:2      | Reached XP level 4. HP: 35/40 MP: 3/3
  2241 | D:3      | Reached XP level 5. HP: 17/46 MP: 4/4
  2866 | D:4      | Reached skill level 5 in Axes
  2897 | D:4      | Reached skill level 5 in Armour
  2897 | D:4      | Reached skill level 5 in Shields
  2943 | D:4      | Reached XP level 6. HP: 17/52 MP: 5/5
  3389 | D:4      | Noticed Eustachio
  3391 | D:4      | Noticed Blork the orc
  3400 | D:4      | Killed Eustachio
  3401 | D:4      | Reached skill level 6 in Axes
  3403 | D:4      | Killed Blork the orc
  3404 | D:4      | Reached XP level 7. HP: 37/59 MP: 6/6
  3687 | D:4      | Reached skill level 7 in Axes
  4207 | D:5      | Entered Level 5 of the Dungeon
  4413 | D:5      | Noticed Sigmund
  4431 | D:4      | Reached skill level 8 in Axes
  4431 | D:4      | Reached XP level 8. HP: 46/66 MP: 7/7
  4761 | D:5      | Killed Sigmund
  4812 | D:5      | Reached skill level 9 in Axes
  4978 | D:5      | You fall into a shaft and drop 1 floor!
  5605 | D:6      | Found a staircase to the Ecumenical Temple.
  5693 | Temple   | Entered the Ecumenical Temple
  5964 | Temple   | Became a worshipper of Uskayaw the Reveller
  6003 | D:6      | Reached * piety under Uskayaw
  6187 | D:6      | Reached ** piety under Uskayaw
  6191 | D:6      | Reached skill level 10 in Axes
  6686 | D:6      | Reached XP level 9. HP: 67/71 MP: 8/8
  7180 | D:7      | Found a flagged portal.
  7192 | D:7      | Reached *** piety under Uskayaw
  7197 | Bailey   | Entered a bailey
  7218 | Bailey   | Reached **** piety under Uskayaw
  7593 | Bailey   | HP: 1/71 [gnoll/+0 halberd (8)]
  7616 | Bailey   | Gained mutation: Your flesh is cold resistant. (rC+)
                  | [potion of mutation]
  8107 | Bailey   | HP: 1/71 [gnoll sergeant/+0 glaive (16)]
  8114 | Bailey   | Mangled by a gnoll sergeant

Illustrated notes

Levels and vault maps discovered:
D:1:      tarquinn_simple_flora_water_f, layout_loops_cross
D:2:      layout_rooms, basic_ecumenical_altar
D:3:      layout_basic, serial_curves, eino_curves_01, eino_curves_03,
          eino_curves_04
D:4:      layout_rooms, portal_sewer_entry_e, uniq_blork_the_orc, uniq_eustachio
D:5:      layout_loops_ring, minmay_between, uniq_sigmund
D:6:      layout_loops_cross, minmay_temple_entry_ruins, nrook_campfire
D:7:      layout_basic, nicolae_ossuary_entry_giza, enter_bailey_2
Temple:   regret_index_temple_sigil_plot
Bailey:   bailey_polearm_gnolls_kennysheep, bailey

Skill      XL: |  1  2  3  4  5  6  7  8  9 |
---------------+----------------------------+-----
Axes           | 3 4 5 6 8 10 | 10.9
Shields        | 4 5 6 7 8 |  8.4
Fighting       | 4 |  4.0
Armour         | 4 5 6 7 8 |  8.4

Action                   |  1- 3 |  4- 6 |  7- 9 || total
-------------------------+-------+-------+-------++-------
Melee: War axe           |   116 |    91 |   231 ||   438
       Headbutt          |    17 |    14 |    56 ||    87
       Whip              |       |       |    29 ||    29
  Use: Scroll            |     1 |     3 |    15 ||    19
       Potion            |       |     2 |    10 ||    12
 Stab: Invisible         |       |     1 |       ||     1
       Paralysed         |       |       |     4 ||     4
Armor: Scale mail        |    70 |    51 |   149 ||   270
       Skin              |       |       |    20 ||    20
Dodge: Dodged            |    36 |    34 |   131 ||   201
Block: Kite shield       |    66 |    63 |   202 ||   331

Table legend: (Time is in decaauts)
 A = Elapsed time spent in this place.
 B = Non-inter-level travel time spent in this place.
 C = Inter-level travel time spent in this place.
 D = Time resting spent in this place.
 E = Time spent auto-exploring this place.
 F = Levels seen in this place.
 G = Mean time per level.
                   A        B        C        D        E       F      G
               +--------+--------+--------+--------+--------+-----+--------+
         Total |   8261 |   8037 |    224 |   2204 |   4521 |   9 |  917.9 |
       Dungeon |   7058 |   6863 |    195 |   1564 |   4192 |   7 | 1008.3 |
        Temple |    304 |    275 |     29 |      0 |    268 |   1 |  304.0 |
        Bailey |    898 |    898 |      0 |    640 |     61 |   1 |  898.0 |
               +--------+--------+--------+--------+--------+-----+--------+

Top non-repeatable levels by time:
     D:4: 1750 daAuts
     D:6: 1339 daAuts
     D:3: 1248 daAuts
     D:5: 1021 daAuts
     D:1: 978 daAuts
  Bailey: 898 daAuts
     D:2: 684 daAuts
  Temple: 304 daAuts
     D:7: 35 daAuts
